 Dungeon Sprint DCSS version 0.21-a0-104-g7b58145 (webtiles) character file.

18643 Kidiri the Fighter (level 12, -9/116 HPs)
             Began as a White Draconian Transmuter on July 5, 2017.
             Was the Champion of Wu Jian.
             Mangled by an alligator snapping turtle (16 damage)
             ... in the Dungeon (Sprint VII: "The Pits").
             The game lasted 00:17:10 (3085 turns).

Kidiri the Fighter (White Draconian Transmuter)     Turns: 3085, Time: 00:17:11

Health: -9/116     AC: 10    Str: 18 (19) XL:     12   Next: 29%
Magic:  0/28       EV: 21    Int: 14 (15) God:    Wu Jian [******]
Gold:   15         SH:  0    Dex: 15      Spells: 20/35 levels left

rFire    . . .     SeeInvis +     - Unarmed
rCold    + + .     Gourm    .   (shield currently unavailable)
rNeg     . . .     Faith    .   (armour unavailable)
rPois    .         Spirit   .   (helmet restricted)
rElec    .         Reflect  .   (no cloak)
rCorr    .         Harm     .   (gloves currently unavailable)
MR       +....     Clarity  +   p - +0 pair of boots Stlth ++........NoTele +
                                F - amulet of regeneration
HPRegen  0.69/turn              b - +3 ring of strength
MPRegen  0.21/turn              G - ring of the Octopus King {rC+ AC+1 EV+1 Str+1 Int+1 Dex+1}

@: lethally poisoned (-9 -> -14), exhausted, blade hands, glowing, heavenly
storm
A: breathe frost, unfitting armour, see invisible, clarity, cold resistance 1,
deterioration 1, magic resistance 1, cold-blooded, AC +8
a: Breathe Frost, End Transformation, Serpent's Lash, Heavenly Storm, Renounce
Religion


You were in the Dungeon.
You worshipped Wu Jian.
Wu Jian was exalted by your worship.
You were hungry.
You had blades for hands.
You visited 1 branch You collected 15 gold pieces.

Inventory:

Missiles
 a - 41 arrows
Armour
 p - a +0 pair of boots (worn)
Jewellery
 b - a +3 ring of strength (left scythe-like blade)
 q - a +3 ring of intelligence
 t - an uncursed ring of positive energy
 F - an amulet of regeneration (around neck)
 G - a ring of the Octopus King (right scythe-like blade) {rC+ AC+1 EV+1 Str+1 Int+1 Dex+1}
   (You found it in the Dungeon)

   [ring of protection from cold]

   It affects your AC (+1).
   It affects your evasion (+1).
   It affects your strength (+1).
   It affects your intelligence (+1).
   It affects your dexterity (+1).
   It protects you from cold.
Wands
 u - a wand of confusion (8/48)
Scrolls
 i - a scroll of blinking
 k - 3 scrolls of remove curse
 l - 6 scrolls of amnesia
 m - a scroll of summoning
 w - 2 scrolls of enchant weapon
 x - 3 scrolls of fear
 y - 2 scrolls of fog
 z - 2 scrolls of recharging
Potions
 d - 8 potions of curing
 e - 8 potions of heal wounds
 f - 2 potions of haste
 g - 5 potions of magic
 h - 5 potions of berserk rage
 j - 2 potions of invisibility
 r - a potion of agility
 v - a potion of mutation
 A - a potion of brilliance
 B - a potion of might
Comestibles
 c - 9 bread rations
 n - 33 fruits
 o - 11 meat rations
 s - 12 royal jellies


   Skills:
 * Level 13.6 Fighting
 * Level 11.9 Dodging
 * Level 12.5 Stealth
 * Level 13.2 Unarmed Combat
 * Level 12.1 Spellcasting
 + Level 9.4 Transmutations
 + Level 10.4 Ice Magic
 + Level 8.4 Poison Magic


You had 20 spell levels left.
You knew the following spells:

 Your Spells              Type           Power        Failure   Level  Hunger
a - Beastly Appendage     Tmut           #####.       9%          1    None
b - Sticks to Snakes      Tmut           #####...     10%         2    None
c - Spider Form           Tmut/Pois      ####......   13%         3    None
d - Ice Form              Ice/Tmut       #####...     17%         4    ###....
e - Blade Hands           Tmut           #####.....   32%         5    #####..


Dungeon Overview and Level Annotations

Branches:
Dungeon (1/1)

Altars:
Ashenzari
Cheibriados
Dithmenos
Elyvilon
Fedhas
Gozag
Hepliaklqana
Kikubaaqudgha
Makhleb
Nemelex Xobeh
Okawaru
Qazlal
Ru
Sif Muna
Trog
Uskayaw
Vehumet
Wu Jian
Xom
Yredelemnul
Zin
The Shining One
Beogh
Jiyva
Lugonu

Annotations:
D exclusions: 5 doors and 3 more exclusions, Louise


Innate Abilities, Weirdness & Mutations

You can breathe waves of freezing cold.
You can buffet flying creatures when you breathe cold.
Your icy white scales are hard. (AC +8)
You cannot fit into any form of body armour.
Your flesh is cold resistant. (rC+)
You are cold-blooded and may be slowed by cold attacks.
You have supernaturally acute eyesight. (SInv)
You possess an exceptional clarity of mind.
Your body sometimes deteriorates upon taking damage.
You are resistant to hostile enchantments. (MR+)


Message History

* * * LOW HITPOINT WARNING * * *
You feel your power leaking away.
Unknown command.
You feel much better.
You feel sick. The angel hits you but does no damage.
The angel barely misses you.
Unknown command.
You spin and attack Louise.
You slash Louise! Louise blocks your attack.
Louise is severely wounded.
You spin and attack the angel.
You miss the angel. You tail-slap the angel!
The angel is severely wounded.
You feel sick.
You hear a shout!
The angel misses you.
The angel hits you with a whip of holy wrath.
* * * LOW HITPOINT WARNING * * *
Louise hits you with an antimagic demon trident!!
* * * LOW HITPOINT WARNING * * *
You feel your power leaking away.
The alligator snapping turtle bites you from afar!
You die...

#....................''...
#..################..##..# #..#
o# #.#..##... #..# R# #9 #..##...
#..# @# #c #..####+ #..# M# #S
#..####+ #..# §#t #..##..)
#..#########§######..##.#÷
########.....§§§@@t§§§§.....##.#.
_____.##.....§§§§A§§§§§.....##.+|
_____.###########++###########.#.
___...###########++###########.+}
#####+##................##..##.##
+)))+.##......#..#......##..##...
#####.##................''..#####
.))....+................''..#####
##+#####......#..#......##.......


You could see an alligator snapping turtle, Louise and an angel.

Vanquished Creatures
  An emperor scorpion (D)
  A lorocyproca (D)
  Nessos (D)
  An eidolon (D)
  An alligator snapping turtle (D)
  A death knight (D)
  An orc high priest (D)
  A cherub (D)
  A swamp dragon (D)
  A wizard (D)
  A deep elf mage (D)
  2 orc sorcerers (D)
  A merfolk siren (D)
  Psyche (D)
  An orange demon (D)
  A komodo dragon (D)
  3 molten gargoyles (D)
  3 rime drakes (D)
  A yaktaur (D)
  An efreet (D)
  A hellwing (D)
  A jumping spider (D)
  A freezing wraith (D)
  3 tyrant leeches (D)
  3 hornets (D)
  A wind drake (D)
  Prince Ribbit (D)
  A hippogriff (D)
  A wraith (D)
  6 redbacks (D)
  A water elemental (D)
  A shadow (D)
  5 yaks (D)
  A steam dragon (D)
  A neqoxec (D)
  A warg (D)
  A soldier ant (D)
  A floating eye (D)
  An ice beast (D)
  An orc warrior (D)
  An eye of draining (D)
  2 black bears (D)
  A phantom (D)
  A wolf (D)
  2 bullfrogs (D)
  2 gnoll sergeants (D)
  A scorpion (D)
  7 killer bees (D)
  An iron imp (D)
  An orc wizard (D)
  An orc priest (D)
  Terence (D)
  An iguana (D)
  A worker ant (D)
  7 gnolls (D)
  An adder (D)
  An ufetubus (D)
  An ooze (D)
  2 adder skeletons (D)
  An adder zombie (D)
  2 leopard geckos (D)
  3 orcs (D)
  2 ball pythons (D)
  A bat skeleton (D)
  A bat zombie (D)
  2 goblins (D)
  4 jackals (D)
  A kobold (D)
  A bat (D)
  A rat (D)
112 creatures vanquished.

Vanquished Creatures (others)
  A phantasmal warrior (D)
  A giant cockroach simulacrum (D)
2 creatures vanquished.

Grand Total: 114 creatures vanquished

Notes
Turn   | Place    | Note
-------+----------+-------------------------------------------
     0 | D        | Kidiri the Draconian Transmuter began the quest for the Orb.
     0 | D        | Reached XP level 1. HP: 16/16 MP: 3/3
    67 | D        | Found a bloodstained altar of Trog.
    67 | D        | Found a deep blue altar of Sif Muna.
    67 | D        | Found a viscous altar of Jiyva.
    67 | D        | Found a hazy altar of Hepliaklqana.
    67 | D        | Found an opulent altar of Gozag.
    68 | D        | Found a glowing golden altar of the Shining One.
    68 | D        | Found a glowing silver altar of Zin.
    68 | D        | Found a basalt altar of Yredelemnul.
    68 | D        | Found a shimmering altar of Xom.
    68 | D        | Found an ornate altar of the Wu Jian Council.
    68 | D        | Found a sacrificial altar of Ru.
    68 | D        | Found a stormy altar of Qazlal.
    68 | D        | Found an iron altar of Okawaru.
    68 | D        | Found a sparkling altar of Nemelex Xobeh.
    68 | D        | Found a burning altar of Makhleb.
    68 | D        | Found a blossoming altar of Fedhas.
    68 | D        | Found a white marble altar of Elyvilon.
    68 | D        | Found a shadowy altar of Dithmenos.
    68 | D        | Found a snail-covered altar of Cheibriados.
    70 | D        | Found a radiant altar of Vehumet.
    70 | D        | Found a corrupted altar of Lugonu.
    70 | D        | Found a roughly hewn altar of Beogh.
    71 | D        | Found a hide-covered altar of Uskayaw.
    71 | D        | Found an ancient bone altar of Kikubaaqudgha.
    71 | D        | Found a shattered altar of Ashenzari.
    77 | D        | Became a worshipper of the Wu Jian Council
    94 | D        | Noticed a floating eye
   100 | D        | Paralysed by a floating eye for 2 turns
   102 | D        | Killed a floating eye
   102 | D        | Reached XP level 2. HP: 26/28 MP: 2/7
   102 | D        | Reached XP level 3. HP: 32/34 MP: 2/8
   102 | D        | Reached XP level 4. HP: 38/41 MP: 2/10
   112 | D        | Learned a level 2 spell: Sticks to Snakes
   116 | D        | Learned a level 3 spell: Spider Form
   121 | D        | Learned a level 4 spell: Ice Form
   169 | D        | Reached * piety under Wu Jian
   177 | D        | Reached skill level 5 in Unarmed Combat
   218 | D        | Noticed a phantom
   223 | D        | Reached ** piety under Wu Jian
   223 | D        | Reached XP level 5. HP: 47/47 MP: 8/11
   249 | D        | Killed a phantom
   249 | D        | Reached skill level 5 in Fighting
   249 | D        | Reached skill level 5 in Spellcasting
   249 | D        | Reached skill level 1 in Ice Magic
   249 | D        | Reached skill level 1 in Poison Magic
   383 | D        | Noticed Prince Ribbit
   387 | D        | Reached *** piety under Wu Jian
   394 | D        | Noticed Terence
   404 | D        | Reached skill level 5 in Dodging
   404 | D        | Reached XP level 6. HP: 22/57 MP: 14/14
   406 | D        | Reached **** piety under Wu Jian
   422 | D        | Killed Terence
   422 | D        | Reached skill level 5 in Stealth
   431 | D        | Killed Prince Ribbit
   431 | D        | Your scales start taking on an icy white colour.
   431 | D        | Reached XP level 7. HP: 26/64 MP: 13/16
   431 | D        | Gained mutation: Your flesh is cold resistant. (rC+) [White Draconian growth]
   443 | D        | Learned a level 5 spell: Blade Hands
   652 | D        | Noticed a molten gargoyle
   655 | D        | Killed a molten gargoyle
   655 | D        | Reached ***** piety under Wu Jian
   655 | D        | Reached skill level 5 in Transmutations
   827 | D        | Reached XP level 8. HP: 74/74 MP: 12/18
   896 | D        | Gained mutation: You are resistant to hostile enchantments. (MR+) [potion of mutation]
   896 | D        | Gained mutation: You possess an exceptional clarity of mind. [potion of mutation]
   896 | D        | Gained mutation: You have supernaturally acute eyesight. (SInv) [potion of mutation]
  1010 | D        | Noticed a freezing wraith
  1010 | D        | Noticed a komodo dragon
  1013 | D        | Killed a komodo dragon
  1013 | D        | Reached skill level 5 in Ice Magic
  1017 | D        | Killed a freezing wraith
  1017 | D        | Reached ****** piety under Wu Jian
  1053 | D        | Noticed an orc sorcerer
  1054 | D        | Noticed an orange demon
  1054 | D        | Noticed an efreet
  1057 | D        | Reached XP level 9. HP: 79/83 MP: 15/21
  1057 | D        | Killed an orc sorcerer
  1057 | D        | Reached skill level 5 in Poison Magic
  1058 | D        | Killed an efreet
  1059 | D        | Killed an orange demon
  1059 | D        | Reached skill level 10 in Fighting
  1061 | D        | Reached skill level 10 in Unarmed Combat
  1131 | D        | Gained mutation: Your body sometimes deteriorates upon taking damage. [a neqoxec]
  1155 | D        | Noticed an orc sorcerer
  1155 | D        | Noticed an orc high priest
  1159 | D        | Reached XP level 10. HP: 94/94 MP: 23/23
  1160 | D        | Killed an orc sorcerer
  1166 | D        | Noticed a sun demon
  1167 | D        | Killed an orc high priest
  1172 | D        | Noticed Psyche
  1178 | D        | Killed Psyche
  1446 | D        | Noticed a merfolk siren
  1446 | D        | Noticed a deep elf mage
  1447 | D        | Noticed a molten gargoyle
  1449 | D        | Reached skill level 10 in Stealth
  1449 | D        | Reached skill level 10 in Spellcasting
  1454 | D        | Killed a molten gargoyle
  1455 | D        | Killed a merfolk siren
  1455 | D        | Reached skill level 10 in Dodging
  1458 | D        | Killed a deep elf mage
  1716 | D        | Noticed a swamp dragon
  1716 | D        | Noticed a death knight
  1716 | D        | Noticed a phantasmal warrior
  1722 | D        | Reached XP level 11. HP: 102/102 MP: 20/25
  1730 | D        | Killed a death knight
  1730 | D        | HP: 4/104 [mirror damage (19)]
  1734 | D        | Killed a phantasmal warrior
  1734 | D        | HP: 1/104 [swamp dragon (1)]
  1741 | D        | Killed a swamp dragon
  2349 | D        | Noticed an alligator snapping turtle
  2358 | D        | Killed an alligator snapping turtle
  2722 | D        | Noticed a wizard
  2722 | D        | Noticed a cherub
  2722 | D        | Noticed a lorocyproca
  2722 | D        | Noticed an eidolon
  2729 | D        | Killed a wizard
  2731 | D        | Killed a lorocyproca
  2731 | D        | Reached skill level 10 in Ice Magic
  2738 | D        | Killed an eidolon
  2738 | D        | Reached XP level 12. HP: 55/115 MP: 8/27
  2768 | D        | Got a ring of the Octopus King {rC+ AC+1 EV+1 Str+1 Int+1 Dex+1}
  3070 | D        | Noticed Louise
  3070 | D        | Noticed Nessos
  3070 | D        | Noticed an emperor scorpion
  3074 | D        | Noticed an alligator snapping turtle
  3074 | D        | Killed Nessos
  3077 | D        | Killed an emperor scorpion
  3083 | D        | Noticed an angel
  3085 | D        | Mangled by an alligator snapping turtle

Vault maps used:
D:        pitsprint

Skill      XL: |  1  2  3  4  5  6  7  8  9 10 11 12 |
---------------+-------------------------------------+-----
Dodging        | 4 5 6 7 9 10 11 | 11.9
Fighting       | 4 6 7 9 10 11 13 | 13.6
Stealth        | 2 4 5 6 7 9 10 12 | 12.5
Unarmed Combat | 4 5 6 7 8 9 10 11 12 13 | 13.2
Spellcasting   | 4 5 6 7 8 9 10 11 12 | 12.1
Transmutations | 3 4 5 6 7 9 |  9.4
Ice Magic      | 2 3 4 5 7 8 10 | 10.4
Poison Magic   | 2 3 4 5 6 8 |  8.4

Action                   |  1- 3 |  4- 6 |  7- 9 | 10-12 || total
-------------------------+-------+-------+-------+-------++-------
Melee: Unarmed           |     8 |    56 |    71 |   145 ||   280
       Headbutt          |     2 |     2 |       |       ||     4
       Tailslap          |     1 |     3 |     2 |    17 ||    23
       Kick              |     1 |     6 |       |       ||     7
       Punch             |       |       |     2 |     4 ||     6
 Cast: Beastly Appendage |     2 |     1 |       |       ||     3
       Spider Form       |       |     3 |     1 |       ||     4
       Ice Form          |       |     1 |     1 |       ||     2
       Blade Hands       |       |       |     4 |     9 ||    13
Invok: Serpent's Lash    |       |     1 |     4 |     6 ||    11
       Heavenly Storm    |       |       |     1 |     5 ||     6
 Abil: Breathe Frost     |       |       |     1 |       ||     1
  Use: Potion            |       |     1 |     1 |     9 ||    11
 Stab: Sleeping          |       |     1 |     1 |     5 ||     7
       Distracted        |       |       |     1 |       ||     1
  Eat: Chunk             |       |       |     1 |     1 ||     2
       Fruit             |       |       |    11 |       ||    11
Armor: Skin              |     5 |     3 |     8 |    23 ||    39
Dodge: Dodged            |     1 |    37 |    32 |    74 ||   144
